 Dungeon Crawl Stone Soup version 0.28.0 (webtiles) character file.

Game seed: 11510038274876309819

1497 horus123 the Firebug (level 8, -1/58 HPs)
             Began as a Demonspawn Cinder Acolyte on Feb 6, 2022.
             Was a High Priest of Ignis.
             Slain by a wyvern zombie (12 damage)
             ... on level 6 of the Dungeon.
             The game lasted 00:12:01 (6411 turns).

horus123 the Firebug (Demonspawn Cinder Acolyte)    Turns: 6411, Time: 00:12:02

Health: -1/58      AC:  9    Str: 14    XL:     8   Next: 51%
Magic:  22/35      EV: 11    Int: 18    God:    Ignis [*****.]
Gold:   199        SH:  0    Dex: 13    Spells: 13/19 levels left

rFire   + + .      SeeInvis .   n - +5 mace of Checkmate {venom, rPois rN+}
rCold   . . .      Faith    .   (no shield)
rNeg    + . .      Spirit   .   B - +2 robe {rF+}
rPois   +          Reflect  .   (helmet restricted)
rElec   .          Harm     .   k - +2 cloak
rCorr   .          Rampage  .   d - +1 Delatra's gloves {ID++}
Will    .....                   (no boots)
Stlth   +++.......              (no amulet)
HPRegen 0.19/turn               q - ring of magical power
MPRegen 0.24/turn               o - ring of magical power

@: no status effects
A: antennae 1, thin skeletal structure 2, powered by pain 1
a: Renounce Religion, Fiery Armour, Foxfire Swarm, Rising Flame


You were on level 6 of the Dungeon.
You worshipped Ignis.
Ignis was extremely pleased with you.
You visited 1 branch of the dungeon, and saw 6 of its levels.

You collected 199 gold pieces.

Inventory:

Hand Weapons
 a - a -1 mace of flaming
 n - the +5 mace of Checkmate (weapon) {venom, rPois rN+}
   (You found it on level 4 of the Dungeon)

   It poisons the flesh of those it strikes.
   rPois:     It protects you from poison.
   rN:        It protects you from negative energy.
 p - a +0 vorpal mace
 s - a +2 vorpal falchion
 t - a +0 morningstar
 u - a +3 flail of pain
Armour
 b - a +2 robe
 d - the +1 Delatra's gloves (worn) {ID++}
   (You found it on level 2 of the Dungeon)

   It heals its wearer when they drink unknown potions.
   It restores its wearer's MP when they read unknown scrolls.
 k - a +2 cloak (worn)
 B - a +2 robe of fire resistance (worn)
Jewellery
 e - a +4 ring of protection
 g - a ring of ice
 o - a ring of magical power (right hand)
 q - a ring of magical power (left hand)
 r - a +4 ring of evasion
 x - a ring of protection from fire
Wands
 z - a wand of digging (3)
 D - a wand of flame (6)
Scrolls
 c - 2 scrolls of teleportation {unknown}
 i - 7 scrolls of identify {unknown}
 l - a scroll of fear {unknown}
 m - a scroll of noise {unknown}
 v - a scroll of enchant weapon
 w - a scroll of blinking
 y - a scroll of brand weapon {unknown}
Potions
 f - a potion of invisibility {unknown}
 h - a potion of mutation {unknown}
 j - 2 potions of brilliance
 A - a potion of cancellation
 C - a potion of berserk rage {unknown}


   Skills:
 - Level 3.0 Fighting
 - Level 2.6 Maces & Flails
 - Level 6.0 Spellcasting
 + Level 3.8 Necromancy
 - Level 7.4 Fire Magic


You had 13 spell levels left.
You knew the following spells:

 Your Spells              Type           Power      Damage    Failure   Level
a - Scorch                Fire           64%        2d8       1%          2
b - Anguish               Hex/Necr       6%         N/A       47%         4

Your spell library contained the following spells:

 Spells                   Type           Power      Damage    Failure   Level
 Ensorcelled Hibernation  Hex/Ice        10%        N/A       19%         2
 Call Canine Familiar     Summ           5%         N/A       34%         3
 Portal Projectile        Hex/Tloc       10%        N/A       34%         3
 Spider Form              Tmut/Pois      5%         N/A       34%         3
 Leda's Liquefaction      Hex/Erth       2%         N/A       75%         4


Dungeon Overview and Level Annotations

Branches:
Dungeon (6/15)             Temple (0/1) D:5

Altars:
Dithmenos
Gozag
Qazlal
Uskayaw
The Shining One


Innate Abilities, Weirdness & Mutations

You have a pair of small antennae on your head.
You have a moderately thin skeletal structure. (Dex +4, Stealth++)
You sometimes gain a little power by taking damage.


Message History

The wyvern zombie bites you but does no damage.
The centaur warrior zombie barely misses you.
The centaur warrior zombie kicks you but does no damage.
Flames lash the wyvern zombie.
The wyvern zombie is burned terribly!
The wyvern zombie is heavily damaged.
The wyvern zombie closely misses you. The wyvern zombie bites you.
The centaur warrior zombie hits you.
The centaur warrior zombie closely misses you.
The wyvern zombie bites you but does no damage.
The wyvern zombie bites you!
There are monsters nearby!
Flames lash the wyvern zombie.
The wyvern zombie is burned terribly!
The wyvern zombie is moderately damaged.
The wyvern zombie bites you.
Flames lash the wyvern zombie.
The wyvern zombie is burned terribly!
The wyvern zombie is severely damaged.
The wyvern zombie misses you.
Flames lash the wyvern zombie.
The wyvern zombie is burned terribly!
You destroy the wyvern zombie!
The wyvern zombie bites you! The wyvern zombie misses you.
You feel your dexterity returning.
You are too injured to fight recklessly!
You are too injured to fight recklessly!
You are too injured to fight recklessly!
You sock the wyvern zombie!
The wyvern zombie is heavily damaged.
The wyvern zombie bites you!
* * * LOW HITPOINT WARNING * * *
The wyvern zombie barely misses you.
You hit the wyvern zombie but do no damage.
The wyvern zombie is heavily damaged.
The centaur warrior zombie is no longer more vulnerable to fire.
The wyvern zombie is no longer more vulnerable to fire.
The wyvern zombie barely misses you.
You hit the wyvern zombie.
The wyvern zombie is severely damaged.
The wyvern zombie bites you.
* * * LOW HITPOINT WARNING * * *
The wyvern zombie bites you!
You die...

...................
####...............
#.#..###.#.####.
#........#.#
#..........#
#.#..###.### #.#..#
#.#
#....###.#######
.......@.......
.#.####Z####### #Z#
...............
...............
....##..#.....# .##
#..#####.# #..# #
#..#


You could see a wyvern zombie and a centaur warrior zombie.

Vanquished Creatures
  Eustachio (D:4)
  The ghost of zeram the Poker, an amateur OpFi (D:4)
  Edmund (D:4)
  A water moccasin (D:5)
  A black bear (D:4)
  A necrophage (D:6)
  2 ogres
  2 phantoms (D:5)
  A wyvern zombie (D:6)
  A water moccasin zombie (D:3)
  An orc priest (D:4)
  Crazy Yiuf (D:4)
  A bullfrog skeleton (D:5)
  2 iguanas
  2 orc wizards
  A howler monkey zombie (D:5)
  7 adders
  4 gnolls (D:4)
  A white imp (D:6)
  An adder skeleton (D:4)
  A worm (D:2)
  A dart slug (D:1)
  13 orcs
  8 ball pythons
  5 endoplasms
  5 giant cockroaches
  A goblin (D:1)
  5 hobgoblins
  3 jackals (D:1)
  2 quokkas
  4 bats
  7 frilled lizards
  3 kobolds
  7 rats
98 creatures vanquished.

Notes
Turn   | Place    | Note
-------+----------+-------------------------------------------
     0 | D:1      | horus123 the Demonspawn Cinder Acolyte began the quest for
                  | the Orb.
     0 | D:1      | Reached XP level 1. HP: 18/18 MP: 2/2
   510 | D:1      | Gained mutation: You have a pair of small antennae on your
                  | head. [demonic ancestry]
   510 | D:1      | Reached XP level 2. HP: 22/24 MP: 5/5
   536 | D:1      | Learned a level 2 spell: Scorch
   634 | D:1      | Found a faded altar of an unknown god.
   672 | D:1      | Reached skill level 3 in Fire Magic
  1329 | D:1      | Gained mutation: You have a somewhat thin skeletal
                  | structure. (Dex +2, Stealth+) [demonic ancestry]
  1329 | D:1      | Reached XP level 3. HP: 29/29 MP: 1/6
  1932 | D:2      | Reached XP level 4. HP: 35/35 MP: 8/8
  1977 | D:2      | You fall into a shaft and drop 2 floors!
  2009 | D:4      | Found a runed translucent door.
  2493 | D:2      | Gained mutation: You have a moderately thin skeletal
                  | structure. (Dex +4, Stealth++) [demonic ancestry]
  2493 | D:2      | Reached XP level 5. HP: 39/41 MP: 2/11
  2493 | D:2      | Found the +1 Delatra's gloves {ID++}
  3839 | D:4      | Noticed zeram's ghost (amateur OpFi)
  3858 | D:4      | Found a hide-covered altar of Uskayaw.
  3860 | D:4      | Found a stormy altar of Qazlal.
  3870 | D:4      | Found a shadowy altar of Dithmenos.
  3877 | D:4      | Reached skill level 5 in Spellcasting
  3942 | D:4      | Noticed Edmund
  3951 | D:4      | Killed Edmund
  3952 | D:4      | Reached XP level 6. HP: 26/47 MP: 14/14
  4215 | D:4      | Noticed Eustachio
  4252 | D:4      | HP: 2/47 [white imp/puff of frost[Eustachio] (6)]
  4259 | D:4      | Killed Eustachio
  4260 | D:4      | Reached skill level 4 in Fire Magic
  4260 | D:4      | Gained mutation: You sometimes gain a little power by
                  | taking damage. [demonic ancestry]
  4260 | D:4      | Reached XP level 7. HP: 15/52 MP: 16/16
  4764 | D:4      | Found an opulent altar of Gozag.
  5060 | D:4      | Reached skill level 5 in Fire Magic
  5157 | D:4      | Found a runed translucent door.
  5158 | D:4      | Noticed Crazy Yiuf
  5166 | D:4      | Killed Crazy Yiuf
  5177 | D:4      | Identified the +5 mace of Checkmate {venom, rPois rN+}
  5318 | D:4      | Killed zeram's ghost
  5373 | D:5      | Entered Level 5 of the Dungeon
  5392 | D:5      | Reached skill level 6 in Fire Magic
  5489 | D:5      | Reached XP level 8. HP: 58/58 MP: 17/17
  5569 | D:5      | Reached skill level 7 in Fire Magic
  5674 | D:5      | Learned a level 4 spell: Anguish
  5779 | D:5      | Found a staircase to the Ecumenical Temple.
  6411 | D:6      | Slain by a wyvern zombie

Illustrated notes

Levels and vault maps discovered:
D:1:      minmay_arrival_wavy_path, layout_loops_ring,
          chequers_ecumenical_altar_twisty
D:2:      layout_loops_ring, minmay_misc_feat_room, grunt_ministairs_13,
          hangedman_decor_peaks_small, minmay_misc_feat_square,
          amethyst_killhole, serial_bayou_pond_c, pf_guarded_unrand_delatra
D:3:      layout_basic, nrook_mini_vaults, nrook_loot_triangle,
          roderic_lattice_a
D:4:      layout_basic, nicolae_overflow_quartered_altars,
          grunt_gozag_breadcrumbs, ebering_ghost_reflecting_pool,
          minmay_misc_feat_tower, uniq_crazy_yiuf_cottage, uniq_eustachio,
          uniq_edmund
D:5:      layout_loops_cross, minmay_temple_entry_butterflies
D:6:      lemuel_insect_pit, layout_basic, serial_shops, nicolae_shop_crystal,
          chequers_avenue

Skill      XL: |  1  2  3  4  5  6  7  8 |
---------------+-------------------------+-----
Spellcasting   | 2 3 4 5 6 |  6.0
Fire Magic     | 3 4 6 7 |  7.4
Necromancy     | 3 |  3.8
Fighting       | |  3.0
Maces & Flails | |  2.6

Action                   |  1- 3 |  4- 6 |  7- 9 || total
-------------------------+-------+-------+-------++-------
Melee: Mace              |    79 |    31 |     5 ||   115
       Punch             |     2 |       |       ||     2
       Flail             |       |    12 |       ||    12
 Cast: Scorch            |    14 |    71 |    65 ||   150
  Use: Scroll            |       |     3 |     2 ||     5
       Potion            |       |     6 |       ||     6
 Stab: Sleeping          |     2 |     1 |       ||     3
Armor: Robe              |    12 |    51 |     9 ||    72
       Skin              |       |     7 |       ||     7
Dodge: Dodged            |    50 |    66 |    20 ||   136
